 Dungeon Crawl Stone Soup version 0.28.0-53-g5a82cb258f (webtiles) character file.

Game seed: 2978874698929953078

3078 cbfl8 the Archer (level 9, -5/108 HPs)
             Began as a Demonspawn Berserker on July 19, 2022.
             Was a Priest of Trog.
             Slain by a yak (6 damage)
             ... on level 7 of the Dungeon.
             The game lasted 00:11:31 (8167 turns).

cbfl8 the Archer (Demonspawn Berserker)             Turns: 8167, Time: 00:11:33

Health: -5/108     AC:  5    Str: 20    XL:     9   Next: 58%
Magic:  9/9        EV: 12    Int:  8    God:    Trog [***...]
Gold:   544        SH:  4    Dex: 17    Spells: 8/8 levels left

rFire   . . .      SeeInvis .   a - +1 hand axe
rCold   . . .      Faith    .   (no shield)
rNeg    . . .      Spirit   .   I - +0 ring mail
rPois   .          Reflect  .   (no helmet)
rElec   .          Harm     .   (no cloak)
rCorr   .          Rampage  .   (no gloves)
Will    ++...                   (no boots)
Stlth   ..........              o - amulet of the acrobat
HPRegen 1.28/turn               (no ring)
MPRegen 0.11/turn               (no ring)

@: berserking, strong-willed, regenerating, studying Fighting, very quick
A: thin skeletal structure 1, condensation shield, demonic magic 3, demonic
touch 1
a: Renounce Religion, Berserk, Trog's Hand


You were on level 7 of the Dungeon.
You worshipped Trog.
Trog was most pleased with you.
You visited 1 branch of the dungeon, and saw 7 of its levels.
You also visited: Ossuary.

You collected 544 gold pieces.

Inventory:

Hand Weapons
 a - a +1 hand axe (weapon)
 l - the +8 longbow "Zephyr" {speed, Dex+3 SInv}
   (You found it on level 2 of the Dungeon)

   Attacks with this weapon are significantly faster.
   Dex:       It affects your dexterity (+3).
   SInv:      It lets you see invisible.
Missiles
 g - 3 throwing nets (quivered)
 m - 71 arrows
Armour
 b - a +0 animal skin
 r - a +0 leather armour
 I - a +0 ring mail (worn)
Jewellery
 o - an amulet of the acrobat (around neck)
 J - a +6 ring of dexterity
Wands
 t - a wand of polymorph (9)
 x - a wand of flame (21)
 z - a wand of iceblast (6)
Scrolls
 c - 3 scrolls of teleportation {unknown}
 d - 3 scrolls of enchant weapon
 e - 5 scrolls of identify {unknown}
 h - 12 scrolls of noise
 i - a scroll of amnesia {unknown}
 k - a scroll of blinking {unknown}
 p - 4 scrolls of magic mapping {unknown}
 u - a scroll of vulnerability {unknown}
 w - a scroll of enchant armour {unknown}
 y - 3 scrolls of immolation
 C - a scroll of fear {unknown}
 F - a scroll of acquirement {unknown}
 K - a scroll of summoning {unknown}
Potions
 f - 2 potions of lignification {unknown}
 j - 4 potions of curing {unknown}
 n - a potion of magic {unknown}
 q - a potion of invisibility {unknown}
 s - 3 potions of flight {unknown}
 v - 4 potions of heal wounds {unknown}
 A - a potion of might {unknown}
 B - a potion of ambrosia {unknown}
 D - 2 potions of resistance {unknown}
 E - a potion of haste {unknown}
 G - a potion of berserk rage {unknown}
 H - 7 potions of degeneration


   Skills:
 * Level 7.1 Fighting
 + Level 3.8 Axes
 * Level 9.8 Bows
 + Level 3.0 Armour
 + Level 2.7 Dodging
 + Level 1.3 Stealth
 + Level 0.4 Shields
 * Level 2.7 Evocations


You had 8 spell levels left.
You didn't know any spells.
Your spell library was empty.

Dungeon Overview and Level Annotations

Branches:
Dungeon (7/15)            Ossuary (visited)
 Temple: D:4-7

Altars:
Cheibriados
Gozag
Hepliaklqana
Okawaru
Trog
Wu Jian
Xom

Shops:
D:5 *


Innate Abilities, Weirdness & Mutations

You have a somewhat thin skeletal structure. (Dex +2, Stealth+)
A meltable shield of frost defends you. (SH +4)
Spells you cast and wands you use may paralyse nearby enemies.
Your touch may inflict minor irresistible damage on your foes.


Message History

You are too injured to fight recklessly!
Unknown command.
You slash the yak!
The yak is lightly wounded.
You slash the yak! You barely miss the yak. The yak closely misses you.
You slash the yak! Your touch misses the yak.
The yak is heavily wounded.
You slash the yak! You barely miss the yak. You hit the yak. The yak gores you!
* * * LOW HITPOINT WARNING * * *
The yak barely misses you. You block the yak's attack.
You barely miss the yak.
The yak is almost dead.
You slash the yak!
You hit the yak. x2; You closely miss the yak.
The yak closely misses you. The yak gores you.
* * * LOW HITPOINT WARNING * * *
The yak barely misses you.
Unknown command.
You barely miss the yak.
The yak is almost dead.
You hit the yak. You closely miss the yak. You slash the yak! You hit the yak.
You block the yak's attack. The yak gores you.
* * * LOW HITPOINT WARNING * * *
The yak closely misses you. The yak barely misses you.
Unknown command.
You hit the yak.
You kill the yak!
Trog accepts your kill.
You barely miss the yak. You slash the yak! You hit the yak.
You barely miss the yak. You block the yak's attack. The yak gores you.
* * * LOW HITPOINT WARNING * * *
The yak barely misses you.
Your Fighting skill increases to level 7!
Your Armour skill increases to level 3!
You barely miss the yak.
The yak is almost dead.
You completely miss the yak. You hit the yak. You hit the yak but do no damage.
The yak gores you.
* * * LOW HITPOINT WARNING * * *
You block the yak's attack. The yak gores you.
You die...

(. ... ## .... ##..
<...###.. #.......
#...?.## ###...YYY#
### (((((((@.###
#.<#
....$##Y(..#####...#
### ##..(.......#
#...<......##
#...........###
#..##..:........
#..#####)........
#..# #.(...... ...#
#........


You could see 4 yaks.

Vanquished Creatures
  Pikel (D:4)
  The ghost of DocClef the Chiller, a novice GnIE (D:6)
  Grinder (D:4)
  2 yaks (D:7)
  An ice beast (D:5)
  A sky beast (D:5)
  A necrophage (D:6)
  3 centaurs
  A lemure (D:4)
  An ogre (D:6)
  A phantom (D:5)
  A kobold brigand (D:5)
  A scorpion (D:6)
  A wyvern skeleton (D:6)
  A water moccasin skeleton (D:4)
  A howler monkey (D:4)
  A bullfrog zombie (D:5)
  3 quasits (D:6)
  4 crimson imps (D:6)
  A centaur skeleton (D:7)
  2 jellies
  An orc priest (D:7)
  3 human zombies (Ossuary)
  6 iguanas
  2 orc wizards
  A killer bee zombie (D:5)
  A hound skeleton (D:4)
  4 mummies (Ossuary)
  A howler monkey zombie (D:6)
  8 adders
  4 gnolls (D:4)
  A shadow imp (D:5)
  A white imp (D:6)
  An adder skeleton (D:4)
  2 worms (D:2)
  2 dart slugs
  4 orcs (D:6)
  10 endoplasms
  3 giant cockroaches
  9 goblins
  5 hobgoblins
  10 kobolds
  3 quokkas
  5 ball pythons
  4 bats
  7 frilled lizards
  A gnoll zombie (Ossuary)
  A goblin zombie (Ossuary)
  A hobgoblin zombie (Ossuary)
  2 orc zombies (Ossuary)
  3 rats
  A toadstool (D:3)
137 creatures vanquished.

Vanquished Creatures (others)
  A fungus (D:1)
  15 plants
  5 toadstools (D:3)
21 creatures vanquished.

Grand Total: 158 creatures vanquished

Notes
Turn   | Place    | Note
-------+----------+-------------------------------------------
     0 | D:1      | cbfl8 the Demonspawn Berserker began the quest for the Orb.
     0 | D:1      | Reached XP level 1. HP: 18/18 MP: 1/1
   494 | D:1      | Found a faded altar of an unknown god.
   498 | D:1      | Gained mutation: Your touch may inflict minor irresistible
                  | damage on your foes. [demonic ancestry]
   498 | D:1      | Reached XP level 2. HP: 24/24 MP: 2/2
  1436 | D:2      | Found a snail-covered altar of Cheibriados.
  1600 | D:2      | Reached XP level 3. HP: 28/29 MP: 3/3
  2448 | D:2      | Found the +8 longbow "Zephyr" {speed, Dex+3 SInv}
  2692 | D:2      | Gained mutation: You have a somewhat thin skeletal
                  | structure. (Dex +2, Stealth+) [demonic ancestry]
  2692 | D:2      | Reached XP level 4. HP: 34/37 MP: 4/4
  3238 | D:3      | Reached ** piety under Trog
  3647 | D:3      | Found a hazy altar of Hepliaklqana.
  4129 | D:4      | Gained mutation: Spells you cast may paralyse adjacent
                  | enemies. [demonic ancestry]
  4129 | D:4      | Reached XP level 5. HP: 42/42 MP: 5/5
  4195 | D:4      | Noticed Grinder
  4202 | D:4      | Paralysed by Grinder for 4 turns
  4203 | D:4      | Reached skill level 1 in Bows
  4206 | D:4      | Killed Grinder
  4207 | D:4      | Reached skill level 3 in Bows
  4207 | D:4      | Reached skill level 1 in Stealth
  4207 | D:4      | Gained mutation: A meltable shield of frost defends you.
                  | (SH +4) [demonic ancestry]
  4207 | D:4      | Reached XP level 6. HP: 35/49 MP: 6/6
  4352 | D:4      | Found an opulent altar of Gozag.
  4462 | D:4      | Noticed Pikel
  4473 | D:4      | Killed Pikel
  4474 | D:4      | Reached skill level 5 in Fighting
  4474 | D:4      | Reached skill level 5 in Bows
  4474 | D:4      | Gained mutation: Spells you cast may paralyse nearby
                  | enemies. [demonic ancestry]
  4474 | D:4      | Reached XP level 7. HP: 50/56 MP: 7/7
  5033 | D:5      | Entered Level 5 of the Dungeon
  5033 | D:5      | Found Adghiu Vamao's General Store.
  5100 | D:5      | Reached skill level 6 in Bows
  5165 | D:5      | Reached XP level 8. HP: 62/62 MP: 8/8
  5419 | D:5      | Identified the +6 plate armour of the Orb Guardian {rN+
                  | rCorr}
  5451 | D:5      | Found an iron altar of Okawaru.
  5802 | D:5      | Reached skill level 7 in Bows
  5809 | D:5      | Reached skill level 1 in Evocations
  5860 | D:5      | Found an ornate altar of the Wu Jian Council.
  6107 | D:6      | Reached *** piety under Trog
  6188 | D:6      | Found a transporter.
  6263 | D:6      | Reached skill level 8 in Bows
  6518 | D:6      | Found a sand-covered staircase.
  6523 | Ossuary  | Entered an ossuary
  6605 | Ossuary  | Gained mutation: Spells you cast and wands you use may
                  | paralyse nearby enemies. [demonic ancestry]
  6605 | Ossuary  | Reached XP level 9. HP: 62/69 MP: 9/9
  7078 | D:6      | Found a bloodstained altar of Trog.
  7092 | D:6      | Found a shimmering altar of Xom.
  7151 | D:6      | Found a transporter.
  7161 | D:6      | Noticed DocClef's ghost (novice GnIE)
  7202 | D:6      | Reached skill level 9 in Bows
  7858 | D:6      | Killed DocClef's ghost
  8165 | D:7      | HP: 3/106 [yak (5)]
  8166 | D:7      | HP: 1/106 [yak (3)]
  8167 | D:7      | Slain by a yak

Illustrated notes

Levels and vault maps discovered:
D:1:      kennysheep_arrival_forest, layout_loops_corners,
          dreamdust_ecumenical_altar_grove
D:2:      layout_loops_ring, basic_altar
D:3:      layout_loops_ring, mainiacjoe_overflow_surrounded_room,
          minmay_gold_behind_fungi, saegor_snake_ambush
D:4:      layout_basic, grunt_gozag_breadcrumbs, st_stairs_1,
          hangedman_decor_peaks_small, hangedman_abyss_or_decor_slice,
          serial_bayou_ford_a, corexii_item_surrounded_by_moat, uniq_grinder,
          uniq_pikel
D:5:      layout_loops_ring, lemuel_coloured_pillars_altar, lemuel_doored_altar,
          serial_shops, nicolae_stop_n_shop_1, lexackson_kobold_supper
D:6:      layout_loops_ring, led_xom_imps, amcnicky_altar_gilded,
          enter_ossuary_2, gammafunk_ghost_stat_death, hangedman_decor_growths,
          minmay_misc_feat_doors, chequers_serial_rivers_small_3,
          minmay_manual_mares
D:7:      layout_layer_cave, tso_metal_star, cheibrodos_worm_habitat,
          lemuel_tele_altar, minmay_temple_entry_trees, serial_shops, shop,
          gammafunk_ghost_gnarly_gnolls, uniq_joseph

Skill      XL: |  1  2  3  4  5  6  7  8  9 |
---------------+----------------------------+-----
Axes           | 3 |  3.8
Dodging        | 2 |  2.7
Armour         | 2 3 |  3.0
Fighting       | 4 5 6 7 |  7.1
Bows           | 3 5 6 8 9 |  9.8
Stealth        | 1 |  1.3
Evocations     | 1 2 |  2.7
Shields        | |  0.4

Action                   |  1- 3 |  4- 6 |  7- 9 || total
-------------------------+-------+-------+-------++-------
Melee: Hand axe          |    96 |       |     6 ||   102
       Touch             |     9 |       |       ||     9
 Fire: Longbow           |       |    65 |   183 ||   248
Invok: Berserk           |     2 |       |     1 ||     3
       Trog's Hand       |       |       |     1 ||     1
  Use: Scroll            |       |       |     1 ||     1
 Stab: Sleeping          |     1 |       |       ||     1
Armor: Animal skin       |    21 |     1 |       ||    22
       Leather armour    |       |     1 |     3 ||     4
       Ring mail         |       |       |    46 ||    46
Dodge: Dodged            |    59 |     9 |    83 ||   151
Block: Other             |       |     1 |    26 ||    27
